 Dungeon Crawl Stone Soup version 0.27-a0-385-g3208abaabc (console) character file.

Game seed: 12886737186328958812

76 Garrluk the Firebug (level 4, -1/33 HPs)
             Began as a Draconian Fire Elementalist on Feb 18, 2021.
             Slain by a gnoll
             ... wielding a +0 whip
              (12 damage)
             ... on level 2 of the Dungeon.
             The game lasted 00:04:29 (1441 turns).

Garrluk the Firebug (Draconian Fire Elementalist)   Turns: 1441, Time: 00:04:30

Health: -1/33      AC:  5    Str: 10    XL:     4   Next: 12%
Magic:  0/7        EV: 12    Int: 16    God:
Gold:   59         SH:  0    Dex: 12    Spells: 7/8 levels left

rFire    . . .     SeeInvis .   a - +0 spear
rCold    . . .     Faith    .   (no shield)
rNeg     . . .     Spirit   .   (armour unavailable)
rPois    .         Reflect  .   (helmet restricted)
rElec    .         Harm     .   (no cloak)
rCorr    .         Rampage  .   (no gloves)
Will     .....                  (no boots)
Stlth    ++........             (no amulet)
HPRegen  0.11/turn              (no ring)
MPRegen  0.10/turn              (no ring)

@: no status effects
A: unfitting armour, cold-blooded, AC +5
a: no special abilities


You were on level 2 of the Dungeon.
You visited 1 branch of the dungeon, and saw 2 of its levels.

You collected 59 gold pieces.

Notes
Turn   | Place    | Note
-------+----------+-------------------------------------------
     0 | D:1      | Garrluk the Draconian Fire Elementalist began the quest for
                  | the Orb.
     0 | D:1      | Reached XP level 1. HP: 14/14 MP: 3/3
   151 | D:1      | Reached XP level 2. HP: 8/20 MP: 0/5
  1174 | D:2      | Reached XP level 3. HP: 26/26 MP: 6/6
  1439 | D:2      | Reached XP level 4. HP: 14/33 MP: 0/7
  1441 | D:2      | Slain by a gnoll

Inventory:

Hand Weapons
 a - a +0 spear (weapon)
   (You found it on level 1 of the Dungeon)
Scrolls
 b - a scroll of identify {unknown}
 g - a scroll of amnesia {unknown}
Potions
 c - 3 potions of curing {unknown}
 d - a potion of haste {unknown}
 e - 2 potions of lignification {unknown}
 f - a potion of cancellation {unknown}

Table legend: (Time is in decaauts)
 A = Elapsed time spent in this place.
 B = Non-inter-level travel time spent in this place.
 C = Inter-level travel time spent in this place.
 D = Time resting spent in this place.
 E = Time spent auto-exploring this place.
 F = Levels seen in this place.
 G = Mean time per level.
                   A        B        C        D        E       F      G
               +--------+--------+--------+--------+--------+-----+--------+
         Total |   1445 |   1442 |      3 |      0 |    900 |   2 |  722.5 |
       Dungeon |   1445 |   1442 |      3 |      0 |    900 |   2 |  722.5 |
               +--------+--------+--------+--------+--------+-----+--------+

Top non-repeatable levels by time:
     D:1: 1173 daAuts
     D:2: 272 daAuts


   Skills:
 - Level 1.7 Dodging
 - Level 1.7 Stealth
 + Level 2.6 Spellcasting
 * Level 2.9 Conjurations
 + Level 3.5 Fire Magic


You had 7 spell levels left.
You knew the following spells:

 Your Spells              Type           Power        Failure   Level
a - Foxfire               Conj/Fire      48%          5%          1

Your spell library contained the following spells:

 Spells                   Type           Power        Failure   Level
 Conjure Flame            Conj/Fire      12%          16%         3
 Inner Flame              Hex/Fire       7%           28%         3
 Sticky Flame             Conj/Fire      12%          45%         4
 Fireball                 Conj/Fire      6%           82%         5


Dungeon Overview and Level Annotations

Branches:
Dungeon (2/15)

Altars:


Innate Abilities, Weirdness & Mutations

Your plain brown scales are hard. (AC +5)
You cannot fit into any form of body armour.
You are cold-blooded and may be slowed by cold attacks.


Message History

Casting: Foxfire (safe; 5% risk of failure)
Confirm with . or Enter, or press ? or * to list all spells.
You conjure some foxfire!
Your foxfire dissipates!
The foxfire hits the gnoll.
The gnoll is moderately wounded.
The gnoll barely misses you.
Unknown command.
Unknown command.
Casting: Foxfire (safe; 5% risk of failure)
Confirm with . or Enter, or press ? or * to list all spells.
You conjure some foxfire!
Casting: Foxfire (safe; 5% risk of failure)
Confirm with . or Enter, or press ? or * to list all spells.
You conjure some foxfire!
The gnoll hits you from afar with a +0 halberd!
You are too injured to fight recklessly!
Reach: a) +0 spear
Press: ? - help, Dir - move target, f - gnoll
Aim: a gnoll, wielding a +0 halberd (heavily wounded, ally target, about 39% to evade your +0 spear)
You reach to attack!
You hit the gnoll.
The gnoll is severely wounded.
The foxfire hits the gnoll.
The gnoll is almost dead.
The foxfire hits the gnoll but does no damage.
The gnoll is moderately wounded.
The foxfire hits the gnoll.
You kill the gnoll!
Your foxfire dissipates!
You have reached level 4!
You feel agile.
You hit the gnoll.
The gnoll is severely wounded.
The gnoll barely misses you.
You hit the gnoll.
The gnoll is severely wounded.
The gnoll barely misses you. The gnoll hits you with a +0 whip.
You hit the gnoll.
The gnoll is severely wounded.
The gnoll hits you with a +0 whip!
You die...

....###.# #... #####
..g.gg.(# #.##
##...#########.# #.#
##.....##.......# #.##
#.......#.....#.# #...
#.......#...).#.# ####
#.......#...†.#'######..
##.....##.####g......#..
##...##))#..'..........
#'#######'##.g...##..........
............@.######'#####.#'
.......)..........##.......#.
.............##...##.######..
#'#######'##.##(..##.#...##..
##...####...##.#.#.##..
##.....###...##.........
#.......#######.##..##)#
#.......# #(........
#...)...# #>.####...
##.....## #... ...# ##...##
#.## #.#.#


You could see 2 gnolls.

Table legend:
 A = Kills in this place as a percentage of kills in entire the game.
 B = Kills by you in this place as a percentage of kills by you in the entire game.
 C = Kills by friends in this place as a percentage of kills by friends in the entire game.
 D = Other kills in this place as a percentage of other kills in the entire game.
 E = Experience gained in this place as a percentage of experience gained in the entire game.
 F = Experience gained in this place divided by the number of levels of this place that you have seen.
                   A       B       C       D       E      F
               +-------+-------+-------+-------+-------+----------------------
         Total | 100.0 | 100.0 |   N/A |   N/A | 100.0 |  54.5
       Dungeon | 100.0 | 100.0 |   N/A |   N/A | 100.0 |  54.5
               +-------+-------+-------+-------+-------+----------------------

Vanquished Creatures
  Monster Symbol All '5'
  A white imp (D:2)
1 creature vanquished. All 'B' 4 giant cockroaches (D:1)
4 creatures vanquished. All 'K' A kobold (D:1)
1 creature vanquished. All 'S' An adder (D:2)
1 creature vanquished. All 'b' 5 bats
5 creatures vanquished. All 'g' 2 gnolls (D:2) 2 goblins 10 hobgoblins
14 creatures vanquished. All 'l' 2 leopard geckos (D:1) A frilled lizard (D:1)
3 creatures vanquished. All 'r' 6 rats
6 creatures vanquished. All 'v' 75 foxfires
75 creatures vanquished. All 'w' A worm (D:2)
1 creature vanquished.
111 creatures vanquished. Monster Nature Natural Monsters 2 gnolls (D:2) An adder (D:2) A worm (D:2) 2 leopard geckos (D:1) 5 bats 4 giant cockroaches (D:1) 2 goblins 10 hobgoblins A frilled lizard (D:1) A kobold (D:1) 6 rats
35 creatures vanquished. Non-Living Monsters 75 foxfires
75 creatures vanquished. Demonic Monsters A white imp (D:2)
1 creature vanquished.
111 creatures vanquished. Ascending Order An adder (D:2) A white imp (D:2) A worm (D:2) A frilled lizard (D:1) A kobold (D:1) 2 gnolls (D:2) 2 leopard geckos (D:1) 2 goblins 4 giant cockroaches (D:1) 5 bats 6 rats 10 hobgoblins 75 foxfires
111 creatures vanquished.

Action                   |  1- 3 |  4- 6 || total
-------------------------+-------+-------++-------
Melee: Spear             |    47 |     3 ||    50
       Tailslap          |     2 |       ||     2
       Unarmed           |     1 |       ||     1
 Cast: Foxfire           |    48 |       ||    48
 Stab: Sleeping          |     4 |       ||     4
Armor: Skin              |    17 |       ||    17
Dodge: Dodged            |    47 |     2 ||    49
